 Dungeon Sprint DCSS version 0.30-a0-782-ge64f9170bb (webtiles) character file.

Game seed: 7076871240866213683

2223 HoaS the Carver (level 8, -3/74 HPs)
             Began as a Demigod Gladiator on Mar 7, 2023.
             Slain by a tengu warrior
             ... wielding a +0 glaive
              (5 damage)
             ... in the Dungeon (Sprint IX: "|||||||||||||||||||||||||||||").
             The game lasted 00:04:25 (505 turns).

HoaS the Carver (Demigod Gladiator)                  Turns: 505, Time: 00:04:26

Health: -3/74      AC: 11    Str: 15    XL:     8   Next: 90%
Magic:  10/10      EV: 19    Int: 10    God:
Gold:   0          SH:  0    Dex: 26    Spells: 7/7 levels left

rFire   . . .      SeeInvis .    o - +2 scimitar (heavy)
rCold   . . .      Faith    .    (no shield)
rNeg    . . .      Spirit   .    q - +2 ring mail
rPois   .          Reflect  .    a - +0 helmet
rElec   .          Harm     .    p - +0 cloak
rCorr   .          Rampage  .    (no gloves)
Will    .....      NoTele   +    (no boots)
Stlth   +                        (no amulet)
HPRegen 0.32/turn                r - +3 ring of dexterity
MPRegen 0.12/turn                s - +2 ring of evasion

@: slowed, very slow
A: high MP 1, forlorn, divine attributes
a: no special abilities


You were in the Dungeon.
You visited 1 branch

Inventory:

Hand Weapons
 o - a +2 heavy scimitar (weapon)
Missiles
 d - 3 throwing nets (quivered)
 e - a javelin
Armour
 a - a +0 helmet (worn)
 p - a +0 cloak (worn)
 q - a +2 ring mail (worn)
Jewellery
 r - a +3 ring of dexterity (left hand)
 s - a +2 ring of evasion (right hand)
Wands
 n - a wand of acid (10)
Scrolls
 k - 2 scrolls of blinking
 m - 2 scrolls of amnesia
Potions
 f - 5 potions of curing
 i - 4 potions of magic
 j - a potion of berserk rage
 l - 2 potions of heal wounds


   Skills:
 + Level 7.9 Fighting
 - Level 14.0 Long Blades
 - Level 1.7 Throwing
 + Level 7.6 Armour
 + Level 8.3 Dodging


You had 7 spell levels left.
You didn't know any spells.
Your spell library was empty.

Dungeon Overview and Level Annotations

Branches:
Dungeon (1/1)


Innate Abilities, Weirdness & Mutations

You have an increased reservoir of magic. (+10% MP)
You shall have no god before yourself.
Your divine heritage dramatically boosts your attributes as you level up.


Message History

You slash the tengu warrior!
The tengu warrior is lightly wounded.
The tengu warrior hits you with a +0 glaive.
* * * LOW HITPOINT WARNING * * *
The tengu warrior pecks you.
* * * LOW HITPOINT WARNING * * *
The tengu warrior misses you.
The tengu warrior closely misses you. x2
The tengu warrior claws you but does no damage.
You slash the tengu warrior!
The tengu warrior is moderately wounded.
The tengu warrior closely misses you. x2; The tengu warrior barely misses you.
You slash the tengu warrior!
The tengu warrior is heavily wounded.
You flicker for a moment.
The tengu warrior closely misses you. The tengu warrior pecks you.
* * * LOW HITPOINT WARNING * * *
The tengu warrior barely misses you. The tengu warrior closely misses you.
The tengu warrior misses you.
The tengu warrior claws you but does no damage.
You strike the helpless tengu warrior from behind!
You slash the tengu warrior!
The tengu warrior is almost dead.
You miss the tengu warrior.
You punch the tengu warrior, but do no damage.
The tengu warrior is almost dead.
The tengu warrior hits you with a +0 glaive!
* * * LOW HITPOINT WARNING * * *
The tengu warrior pecks you but does no damage.
The tengu warrior claws you but does no damage.
The tengu warrior barely misses you.
The tengu warrior pecks you but does no damage.
The tengu warrior claws you but does no damage.
You catch the helpless tengu warrior completely off-guard!
You hit the tengu warrior but do no damage.
The tengu warrior is almost dead.
You flicker back into view.
The tengu warrior hits you with a +0 glaive.
* * * LOW HITPOINT WARNING * * *
The tengu warrior pecks you.
You die... ▓▓▓▓▓▓▓▓▓▓▓▓▓▓▓▓▓▓▓▓▓▓▓ +...hQ@).....))[.....). ▓▓▓▓▓▓▓▓▓▓▓▓▓▓▓▓▓▓▓▓▓▓▓

You could see a tengu warrior and a howler monkey.

Vanquished Creatures
  A centaur warrior (D)
  A two-headed ogre (D)
  A troll (D)
  A hornet (D)
  2 wraiths (D)
  An acid dragon (D)
  An orc warrior (D)
  A centaur (D)
  2 hounds (D)
  An iguana (D)
  A gnoll (D)
  An ufetubus (D)
  A dart slug (D)
  A hobgoblin (D)
  A quokka (D)
  A frilled lizard (D)
  A rat (D)
19 creatures vanquished.

Vanquished Creatures (others)
  A skeletal warrior (D)
1 creature vanquished.

Grand Total: 20 creatures vanquished

Notes
Turn   | Place    | Note
-------+----------+-------------------------------------------
     0 | D        | HoaS the Demigod Gladiator began the quest for the Orb.
     0 | D        | Reached XP level 1. HP: 17/17 MP: 3/3
    10 | D        | Reached skill level 3 in Long Blades
    16 | D        | Reached skill level 4 in Long Blades
    46 | D        | Noticed an iguana
    46 | D        | Noticed a hound
    46 | D        | Noticed a hound
    49 | D        | Killed a hound
    50 | D        | Reached skill level 6 in Long Blades
    50 | D        | Reached XP level 2. HP: 24/24 MP: 4/4
    50 | D        | Reached XP level 3. HP: 29/29 MP: 5/5
    57 | D        | Reached skill level 7 in Long Blades
    59 | D        | Reached skill level 8 in Long Blades
    59 | D        | Reached XP level 4. HP: 26/36 MP: 6/6
   259 | D        | Noticed a two-headed ogre
   259 | D        | Noticed a wraith
   259 | D        | Noticed an acid dragon
   259 | D        | Noticed an orc warrior
   259 | D        | Noticed a hornet
   259 | D        | Noticed a centaur
   262 | D        | Killed a centaur
   263 | D        | Reached skill level 10 in Long Blades
   263 | D        | Reached XP level 5. HP: 24/41 MP: 7/7
   265 | D        | Killed a hornet
   266 | D        | Reached skill level 12 in Long Blades
   266 | D        | Reached XP level 6. HP: 29/48 MP: 8/8
   269 | D        | Reached skill level 13 in Long Blades
   272 | D        | Killed an acid dragon
   273 | D        | Reached skill level 14 in Long Blades
   273 | D        | Reached skill level 1 in Armour
   276 | D        | Killed a wraith
   277 | D        | Reached XP level 7. HP: 30/58 MP: 9/9
   281 | D        | Killed a two-headed ogre
   282 | D        | Reached skill level 5 in Fighting
   282 | D        | Reached skill level 5 in Armour
   282 | D        | Reached XP level 8. HP: 13/70 MP: 10/10
   482 | D        | Noticed a tengu warrior
   482 | D        | Noticed a centaur warrior
   482 | D        | Noticed a skeletal warrior
   482 | D        | Noticed a troll
   486 | D        | Killed a troll
   487 | D        | Killed a skeletal warrior
   492 | D        | Killed a centaur warrior
   505 | D        | HP: 2/74 [tengu warrior/+0 glaive (3)]
   505 | D        | Slain by a tengu warrior

Illustrated notes

Levels and vault maps discovered:
D:        linesprint [early_d, line_temple, items_1, d_10, items_2, lair_1,
          lair_end, items_3, orc_1, orc_end, items_4, d_15, swamp_1, shoals_1,
          snake_1, spider_1, d_20, vaults_1, items_5, swamp_end, shoals_end,
          snake_end, spider_end, vaults_end, d_27, items_6, zot_1, zot_end,
          crypt_end, forest_end, elf_end, slime_end, tomb_end, abyss_end,
          pan_hell_end]

Skill      XL: |  1  2  3  4  5  6  7  8 |
---------------+-------------------------+-----
Long Blades    | 6 8 10 12 14 | 14.0
Fighting       | 3 5 7 |  7.9
Armour         | 3 5 7 |  7.6
Dodging        | 4 6 8 |  8.3
Throwing       | |  1.7

Action                     |  1- 3 |  4- 6 |  7- 9 || total
---------------------------+-------+-------+-------++-------
  Melee: Long sword        |    31 |    13 |       ||    44
         Punch             |     2 |       |     1 ||     3
         Scimitar          |       |    15 |    25 ||    40
    Use: Potion            |       |     2 |     1 ||     3
   Stab: Invisible         |       |       |     6 ||     6
 Armour: Leather armour    |     7 |       |       ||     7
         Ring mail         |       |     1 |     8 ||     9
  Dodge: Dodged            |    21 |    16 |    34 ||    71

Table legend: (Time is in decaauts)
 A = Elapsed time spent in this place.
 B = Non-inter-level travel time spent in this place.
 C = Inter-level travel time spent in this place.
 D = Time resting spent in this place.
 E = Time spent auto-exploring this place.
 F = Levels seen in this place.
 G = Mean time per level.
                   A        B        C        D        E       F      G
               +--------+--------+--------+--------+--------+-----+--------+
         Total |    497 |    497 |      0 |    240 |      6 |   1 |  497.0 |
       Dungeon |    497 |    497 |      0 |    240 |      6 |   1 |  497.0 |
               +--------+--------+--------+--------+--------+-----+--------+

Top non-repeatable levels by time:
       D: 497 daAuts
